 Dungeon Crawl Stone Soup version 0.31-a0-263-ge8cad7f256 (webtiles) character file.

Game seed: 7058308938330849405

126 qw the Shooter (level 5, -1/30 HPs)
             Began as a Gargoyle Hexslinger on July 13, 2023.
             Was an Initiate of Okawaru.
             Slain by Menkaure (17 damage)
             ... on level 4 of the Dungeon.
             The game lasted 00:01:04 (2428 turns).

qw the Shooter (Gargoyle Hexslinger)                Turns: 2428, Time: 00:01:04

Health: -1/30      AC: 13    Str: 12    XL:     5   Next: 10%
Magic:  6/6        EV: 10    Int: 13    God:    Okawaru [......]
Gold:   138        SH:  0    Dex: 14    Spells: 5/6 levels left

rFire   . . .        Y - +3 sling
rCold   . . .        (no shield)
rNeg    + . .        j - +1 ring mail {rPois}
rPois   inf          (no helmet)
rElec   +            k - +0 cloak
rCorr   +            d - +0 pair of gloves
SInv    .            i - +0 pair of boots
Will    .....        (no amulet)
Stlth   +            n - ring of resist corrosion
HPRegen 0.25/turn    (no ring)
MPRegen 0.10/turn

%: no passive effects
@: no status effects
A: sickness immunity, AC +4, negative energy resistance 1, electricity
resistance, torment resistance 1, petrification resistance
a: Renounce Religion


You were on level 4 of the Dungeon.
You worshipped Okawaru.
Okawaru was noncommittal.
You visited 2 branches of the dungeon, and saw 5 of its levels.

You collected 138 gold pieces.


Innate Abilities, Weirdness & Mutations

You are immune to sickness and miasma.
Your stone body is resilient. (AC +4)
You are immune to poison.
You resist negative energy. (rN+)
You are resistant to electric shocks. (rElec)
You are resistant to unholy torment.
You are immune to petrification.


   Skills:
 - Level 2.0 Fighting
 + Level 4.6 Ranged Weapons
 - Level 1.0 Armour
 - Level 1.5 Dodging
 - Level 1.0 Spellcasting
 - Level 2.6 Hexes


You had 5 spell levels left.
You knew the following spells:

 Your Spells              Type           Power      Damage    Failure   Level
a - Slow                  Hex            28%        N/A       22%         1

Your spell library contained the following spells:

 Spells                   Type           Power      Damage    Failure   Level
 Inner Flame              Hex/Fire       4%         N/A       73%         3
 Portal Projectile        Hex/Tloc       8%         N/A       73%         3
 Cause Fear               Hex            3%         N/A       91%         4

Inventory:

Hand Weapons
 Y - a +3 sling (weapon)
Armour
 d - a +0 pair of gloves (worn)
 i - a +0 pair of boots (worn)
 j - a +1 ring mail of poison resistance (worn)
 k - a +0 cloak (worn)
Jewellery
 n - a ring of resist corrosion (left hand)
Scrolls
 a - 3 scrolls of teleportation
 h - a scroll of identify
Potions
 c - a potion of resistance
 e - a potion of mutation
 g - a potion of heal wounds
 l - a potion of brilliance {unknown}
 m - a potion of enlightenment

Dungeon Overview and Level Annotations

Branches:
Dungeon (4/15)             Temple (1/1) D:4

Altars:
Cheibriados
Dithmenos
Elyvilon
Fedhas
Gozag
Hepliaklqana
Kikubaaqudgha
Okawaru
Qazlal
Sif Muna
Trog
Uskayaw
Wu Jian
Xom
Yredelemnul
Zin

Shops:
D:2 :

Annotations:
D:4 Menkaure


Message History

The jackal bites you.
You shoot a sling bullet.
The sling bullet closely misses the jackal.
The jackal closely misses you.
Menkaure draws the symbol "Udjat" in the dust.
Menkaure barely misses you.
You shoot a sling bullet.
The sling bullet closely misses the jackal.
The jackal barely misses you.
Menkaure gestures at you while chanting.
Pain shoots through your body! The jackal barely misses you.
You shoot a sling bullet.
The sling bullet barely misses the jackal.
The jackal barely misses you. Menkaure hits you but does no damage.
The jackal bites you but does no damage.
You shoot a sling bullet.
The sling bullet completely misses the jackal.
The jackal barely misses you. Menkaure barely misses you.
The jackal bites you but does no damage.
You shoot a sling bullet.
The sling bullet hits the jackal but does no damage.
The jackal is moderately wounded.
The jackal bites you but does no damage.
Menkaure casts a spell.
Menkaure seems to speed up.
The jackal bites you but does no damage.
You shoot a sling bullet. The sling bullet hits the jackal!
You kill the jackal!
Okawaru accepts your kill.
Menkaure whispers drily.
Menkaure hits you! Menkaure closely misses you.
You shoot a sling bullet. The sling bullet hits Menkaure.
Menkaure is moderately damaged.
Menkaure hits you but does no damage. Menkaure barely misses you.
You shoot a sling bullet.
The sling bullet barely misses Menkaure.
Menkaure's bandages flutter.
Menkaure hits you!
Ouch! That really hurt!
You die...

........ .. ........ .#
... .# #...###. .[ #...#
.. #.# #?..##.# #.#
...##..
##########M########... #..
#........@%........#.###.}
#.#####...%....###.#.##...
#.<......#.....##...
#..................#
#.............###...
#.......##.##.# #.#.
#.......##.##.###.##
##......##.....##.##
#.#.##.#####..##...


You could see Menkaure (fast).

Vanquished Creatures
  An orc wizard (D:3)
  An adder (D:2)
  3 worms
  3 dart slugs
  4 orcs
  10 endoplasms
  A giant cockroach (D:2)
  6 goblins
  6 hobgoblins
  6 jackals
  A quokka (D:2)
  3 ball pythons
  5 bats
  5 frilled lizards
  5 kobolds
  9 rats
69 creatures vanquished.

Notes
Turn   | Place    | Note
-------+----------+-------------------------------------------
     0 | D:1      | qw the Gargoyle Hexslinger began the quest for the Orb.
     0 | D:1      | Reached XP level 1. HP: 12/12 MP: 2/2
     0 | D:1      | 0 ||| qw: Version: 0.3-a-52-g30416fa
     0 | D:1      | 0 ||| qw: Game counter: 7244
     0 | D:1      | 0 ||| qw: Melee chars always use a shield: true
     0 | D:1      | 0 ||| qw: God list: Okawaru
     0 | D:1      | 0 ||| qw: Allow faded altars: false
     0 | D:1      | 0 ||| qw: Do Orc after clearing Dungeon:15 true
     0 | D:1      | 0 ||| qw: Do second Lair branch before Depths: true
     0 | D:1      | 0 ||| qw: Lair rune preference: random
     0 | D:1      | 0 ||| qw: Goals: Normal
     0 | D:1      | 0 ||| PLANNING D:1-11
    74 | D:1      | Reached XP level 2. HP: 16/16 MP: 3/3
   125 | D:1      | 125 ||| FLEEEEING.
   127 | D:1      | 127 ||| FLEEEEING.
   221 | D:1      | Reached skill level 3 in Ranged Weapons
   411 | D:1      | Reached XP level 3. HP: 21/21 MP: 4/4
   629 | D:1      | 629 ||| UPGRADING to +0 pair of gloves.
   634 | D:1      | 634 ||| UPGRADING to +0 leather armour.
   644 | D:1      | 644 ||| DROPPING +0 robe.
   645 | D:1      | 645 ||| UPGRADING to +0 pair of boots.
   650 | D:1      | 650 ||| READING 2 scrolls labelled VUCZEFOFIO.
   655 | D:1      | 655 ||| READING scroll labelled FIDUZINGUIN.
   756 | D:1      | 756 ||| READING scroll labelled XAEVIQ BIXTOP.
   757 | D:1      | 757 ||| READING scroll labelled UTIXIC UNUVE.
   758 | D:1      | 758 ||| READING scroll labelled LAAWKEINWE.
   759 | D:1      | 759 ||| DRINKING 2 brown potions.
   760 | D:1      | 760 ||| DROPPING scroll of poison.
  1003 | D:2      | 1003 ||| READING scroll of enchant weapon.
  1003 | D:2      | 1003 ||| ENCHANTING +2 sling.
  1073 | D:2      | Found Fyggabru's Book Boutique.
  1081 | D:2      | Reached XP level 4. HP: 26/26 MP: 5/5
  1278 | D:2      | Reached skill level 4 in Ranged Weapons
  1387 | D:2      | 1387 ||| UPGRADING to +1 ring mail of poison resistance.
  1397 | D:2      | 1397 ||| DROPPING +0 leather armour.
  1398 | D:2      | 1398 ||| UPGRADING to +0 cloak.
  1403 | D:2      | 1403 ||| UPGRADING to amulet of guardian spirit.
  1570 | D:3      | Reached skill level 1 in Armour
  1951 | D:3      | Found a shimmering blue altar of Sif Muna.
  2167 | D:3      | 2167 ||| UPGRADING to ring of resist corrosion.
  2168 | D:3      | 2168 ||| DRINKING 2 murky amethyst potions.
  2219 | D:4      | Reached XP level 5. HP: 30/30 MP: 6/6
  2266 | D:4      | Found a staircase to the Ecumenical Temple.
  2267 | D:4      | 2267 ||| PLANNING TEMPLE
  2273 | D:4      | 2273 ||| READING 4 scrolls of identify.
  2273 | D:4      | 2273 ||| IDENTIFYING gluggy blue potion
  2274 | D:4      | 2274 ||| READING 3 scrolls of identify.
  2274 | D:4      | 2274 ||| IDENTIFYING viscous emerald potion
  2275 | D:4      | 2275 ||| READING 2 scrolls of identify.
  2275 | D:4      | 2275 ||| IDENTIFYING murky red potion
  2276 | D:4      | 2276 ||| DROPPING potion of attraction.
  2281 | D:4      | 2281 ||| FLEEEEING.
  2282 | D:4      | 2282 ||| FLEEEEING.
  2283 | D:4      | 2283 ||| FLEEEEING.
  2301 | Temple   | Entered the Ecumenical Temple
  2301 | Temple   | Found a transporter.
  2301 | Temple   | Found a transporter.
  2303 | Temple   | Found a transporter.
  2303 | Temple   | Found a transporter.
  2313 | Temple   | 2313 ||| PLANNING D:1-11
  2328 | Temple   | 2328 ||| PLANNING OKAWARU WORSHIP
  2332 | Temple   | Became a worshipper of Warmaster Okawaru
  2333 | Temple   | 2333 ||| PLANNING D:1-11
  2333 | Temple   | 2333 ||| REMOVING amulet of guardian spirit.
  2338 | Temple   | 2338 ||| DROPPING amulet of guardian spirit.
  2414 | D:4      | Noticed Menkaure
  2428 | D:4      | Slain by Menkaure

Levels and vault maps discovered:
D:1:      amcnicky_arrival_feature_with_door, layout_loops_ring
D:2:      layout_basic, serial_shops, shop, minmay_octomino_c4
D:3:      layout_loops_cross, kennysheep_orc_sif_temple
D:4:      layout_loops_cross, minmay_temple_entry_waves, uniq_menkaure
Temple:   hellmonk_temple_divided_pantheon

Skill      XL: |  1  2  3  4 |
---------------+-------------+-----
Ranged Weapons | 3 4 |  4.6
Fighting       | 2 |  2.0
Armour         | 1 |  1.0
Dodging        | |  1.5
Spellcasting   | |  1.0
Hexes          | |  2.6

Action                     |  1- 3 |  4- 6 || total
---------------------------+-------+-------++-------
   Fire: Sling             |   107 |    94 ||   201
    Use: Scroll            |     6 |     3 ||     9
         Potion            |     1 |     1 ||     2
 Armour: Robe              |    13 |       ||    13
         Leather armour    |     1 |       ||     1
         Ring mail         |       |    25 ||    25
  Dodge: Dodged            |    25 |    25 ||    50

Table legend:
 A = Non-vault XP
 B = Vault XP
 C = Vault XP percentage of total XP
 D = Non-vault monster count
 E = Vault monster count
 F = Vault count percentage of total count
                 A         B        C        D         E       F
            +---------+---------+-------+---------+---------+-------
      Total |     110 |      71 |  39.2 |      61 |       8 |  11.6
            +---------+---------+-------+---------+---------+-------
        D:1 |      42 |       0 |   0.0 |      26 |       0 |   0.0
        D:2 |      23 |      32 |  58.2 |      15 |       6 |  28.6
        D:3 |      28 |      39 |  58.2 |      13 |       2 |  13.3
        D:4 |      17 |       0 |   0.0 |       7 |       0 |   0.0
            +---------+---------+-------+---------+---------+-------
